 Dungeon Crawl Stone Soup version 0.30-b1-2-g02819fbbbe (webtiles) character file.

Game seed: 15459735562445767003

4419 MackTheKnife the Slicer (level 10, -7/72 HPs)
             Began as a Djinni Fighter on May 16, 2023.
             Was a Follower of Ru.
             Mangled by a cyclops (25 damage)
             ... on level 8 of the Dungeon.
             The game lasted 00:12:32 (7780 turns).

MackTheKnife the Slicer (Djinni Fighter)            Turns: 7780, Time: 00:12:33

Health: -7/72      AC:  8    Str: 15    XL:     10   Next: 62%
Gold:   850        EV: 12    Int: 20    God:    Ru [*.....] SH:  4 Dex: 13

rFire   + + .        b - +2 quick blade (distort) {!wshortrare=g}
rCold   . . .        c - +0 buckler
rNeg    . . .        h - +0 ring mail rPois โˆž
                     e - +2 helmet
rElec   .            (no cloak)
rCorr   .            (no gloves)
SInv    .            (boots unavailable)
Will    .....        (no amulet)
Stlth   +            v - ring of protection from cold
HPRegen 0.32/turn    r - +6 ring of intelligence
MPRegen 0.00/turn

%: infuse magic (-8 HP)
@: weak-willed, on berserk cooldown, flying, slowed, very slow
A: sickness immunity, fire resistance 2, cold vulnerability 1, missing an eye,
float, innate caster, HP casting, extra vitality 1
a: Renounce Religion


You were on level 8 of the Dungeon.
You worshipped Ru.
Ru was aware of your devotion.
You visited 2 branches of the dungeon, and saw 9 of its levels.

You collected 1246 gold pieces.
You spent 396 gold pieces at shops.


Innate Abilities, Weirdness & Mutations

You are immune to sickness and miasma.
You are immune to poison.
Your flesh is very heat resistant. (rF++)
You are vulnerable to cold. (rC-)
You are missing an eye, making it more difficult to aim.
You float through the air rather than walking.
You learn spells naturally, not from books.
Your magical power is your life essence.
You have superior vitality. (+4 MHP)


   Skills:
 - Level 6.0 Fighting
 - Level 8.0 Short Blades
 - Level 3.0 Armour
 + Level 5.1 Dodging
 - Level 3.0 Shields
 - Level 7.5 Spellcasting


You knew the following spells:

 Your Spells              Type           Power      Damage    Failure   Level
a - Summon Small Mammal   Summ           100%       N/A       1%          1
b - Lesser Beckoning      Tloc           74%        N/A       1%          2
c - Confusing Touch       Hex            37%        N/A       3%          3
d - Fulminant Prism       Conj/Hex       18%        3d11      10%         4
Your spell library was empty.

Inventory:

Hand Weapons
 b - a +2 quick blade of distortion (weapon) {!wshortrare=g}
   (You acquired it on level 5 of the Dungeon)
Armour
 c - a +0 buckler (worn)
 e - a +2 helmet (worn)
   (You found it on level 3 of the Dungeon)
 h - a +0 ring mail (worn)
   (You found it on level 1 of the Dungeon)
Jewellery
 r - a +6 ring of intelligence (right hand)
   (You bought it in a shop on level 6 of the Dungeon)
 v - a ring of protection from cold (left hand)
   (You found it on level 5 of the Dungeon)
 y - a ring of resist corrosion
   (You took it off an orc on level 7 of the Dungeon)
Wands
 a - a wand of paralysis (7)
   (You found it on level 3 of the Dungeon)
 s - a wand of light (5)
   (You found it on level 4 of the Dungeon)
 u - a wand of polymorph (8)
   (You found it on level 7 of the Dungeon)
Scrolls
 m - 4 scrolls of teleportation {@r4}
 n - a scroll of enchant armour
 o - a scroll of fog
 q - 2 scrolls of magic mapping {!r}
 t - a scroll of silence {!r}
Potions
 d - 2 potions of heal wounds {@q2}
 f - a potion of resistance
 g - 2 potions of mutation {unknown}
 j - a potion of curing {@q1}
 l - 4 potions of brilliance
 p - a potion of flight {unknown}
 w - a potion of attraction {unknown}
 x - 3 potions of haste {unknown}
 z - 2 potions of might

Dungeon Overview and Level Annotations

Branches:
Dungeon (8/15) Zot: 26411  Temple (1/1) D:4 Zot: 5932
   Lair: D:8-11

Altars:
Cheibriados
Elyvilon
Fedhas
Gozag
Hepliaklqana
Makhleb
Nemelex Xobeh
Okawaru
Qazlal
Ru
Trog
Uskayaw
Wu Jian
Xom
Yredelemnul
Zin
The Shining One

Shops:
D:6 =

Annotations:
D:8 3 runed translucent doors, Rye's ghost, novice HuBe

#....######)........##W....(.#
#....## ##.........#..(....#
#.....######....####.#....(..#
...............## ###8(.....#
........##....## #...(.$.#
###..########## ######### #
#..# ##### .....# #..#
#.C.####....# ##.# ##.@..โ€
......# #.## #.ยง.###......#
#..##### ##..##$..YY...#
##......###...#####.....#
##.......โ€ ......###.......#
##...#######...........[...#
.....# ##...............
##...# #..........#.... #...#
#.........#.Y...


You could see a cyclops (weak-willed).


Message History

The large rock hits you!
* * * LOW HITPOINT WARNING * * *
๐Ÿ˜จ HP[-11]
You take 11 damage, and now have 27/72 hp.
Aiming: Paralyse
Press: ? - help, Shift-Dir - straight line, f/p - cyclops
Aim: a cyclops, quivering large rocks (moderately wounded, blind, weak-willed, chance to affect: 49%)
The cyclops resists with some effort.
Aiming: Paralyse
Press: ? - help, Shift-Dir - straight line, f/p - cyclops
Aim: a cyclops, quivering large rocks (moderately wounded, blind, weak-willed, chance to affect: 49%)
The cyclops suddenly stops moving! ๐Ÿ˜จ HP[+1]
The helpless cyclops fails to defend itself.
You puncture the cyclops!
The cyclops blinks! ๐Ÿ˜จ HP[+1]
The yak attacks as you move away! The yak gores you!
* * * LOW HITPOINT WARNING * * *
๐Ÿ˜ฑ HP[-14]
You take 14 damage, and now have 15/72 hp.
The yak attacks as you move away! The yak gores you.
* * * LOW HITPOINT WARNING * * *
๐Ÿ˜ฑ HP[-4]
You take 4 damage, and now have 11/72 hp.
The yak attacks as you move away! The yak misses you. ๐Ÿ˜ฑ HP[+1]
Aiming: Bolt of Light
Press: ? - help, Shift-Dir - straight line, f - yak
Aim: a yak (66% to hit)
The bolt of light misses the yak.
The bolt of light hits the yak!
The yak is blinded.
You block the yak's attack.
You feel much better.
You block the yak's attack. ๐Ÿ˜ฎ HP[+27]
You regained 27 hp, and now have 39/72 hp.
You completely miss the yak. You barely miss the yak. You closely miss the yak.
You block the yak's attack. ๐Ÿ˜ฎ HP[+1]
You hit the yak.
Space warps around the yak!
You hit the yak.
The yak blinks!
The yak attacks as you move away! The yak gores you.
* * * LOW HITPOINT WARNING * * *
The yak gores you!
* * * LOW HITPOINT WARNING * * *
๐Ÿ˜จ HP[-16]
You take 16 damage, and now have 24/72 hp.
MASSIVE DAMAGE!! (PAUSE)
You hit the yak but do no damage.
Space warps around the yak.
The yak gores you!
* * * LOW HITPOINT WARNING * * *
The yak barely misses you. ๐Ÿ˜ฑ HP[-11]
You take 11 damage, and now have 13/72 hp.
You closely miss the yak.
Okay, then.
You feel much better. The yak misses you.
The yak completely misses you. ๐Ÿ˜ฎ HP[+24]
You regained 24 hp, and now have 37/72 hp.
Really quaff
k - a potion of berserk rage {!q}?
A red film seems to cover your vision as you go berserk!
You feel yourself moving faster!
You feel mighty! The yak gores you but does no damage. The yak gores you!
* * * LOW HITPOINT WARNING * * *
๐Ÿ˜จ HP[+11]
You now have 108 max hp (+36).
You regained 11 hp, and now have 48/108 hp.
You closely miss the yak. You hit the yak. You puncture the yak!
Space warps around the yak.
The yak closely misses you. The yak barely misses you.
You closely miss the yak. You hit the yak.
You kill the yak!
You hit the yak.
Space warps around the yak.
The yak gores you!
* * * LOW HITPOINT WARNING * * *
๐Ÿ˜จ HP[-9]
You take 9 damage, and now have 39/108 hp.
You puncture the yak!
Space warps around the yak.
You strike the helpless yak from behind!
You puncture the yak!
You kill the yak!
Your Dodging skill increases to level 5! ๐Ÿ˜จ HP[+1]
You feel a strong urge to attack something.
The cyclops throws a large rock.
The large rock hits you!
* * * LOW HITPOINT WARNING * * *
๐Ÿ˜ฑ HP[-14]
You take 14 damage, and now have 26/108 hp.
You closely miss the cyclops. You hit the cyclops but do no damage.
Space warps horribly around the cyclops!
You closely miss the cyclops. The cyclops completely misses you.
You puncture the cyclops!
The cyclops blinks! ๐Ÿ˜ฑ HP[+1]
You feel a strong urge to attack something.
You are no longer berserk.
You are exhausted.
You feel yourself slow down. The cyclops hits you!!
You die...

Skill      XL: |  1  2  3  4  5  6  7  8  9 10 |
---------------+-------------------------------+-----
Short Blades   | 2 3 4 5 6 7 8 |  8.0
Fighting       | 6 |  6.0
Spellcasting   | 2 6 7 |  7.5
Dodging        | 5 |  5.1
Armour         | |  3.0
Shields        | |  3.0

Action                     |  1- 3 |  4- 6 |  7- 9 | 10-12 || total
---------------------------+-------+-------+-------+-------++-------
  Melee: Rapier            |    33 |       |       |       ||    33
         Dagger            |    82 |   209 |    87 |       ||   378
         Quick blade       |       |       |   151 |   106 ||   257
   Cast: Fulminant Prism   |       |       |       |     3 ||     3
 Invoke: Sacrifice an Eye  |       |       |     1 |       ||     1
  Evoke: Wand              |       |       |     8 |     7 ||    15
    Use: Potion            |       |     3 |       |     3 ||     6
         Scroll            |       |       |    18 |     1 ||    19
   Stab: Paralysed         |       |       |     2 |     1 ||     3
         Invisible         |       |       |     1 |     4 ||     5
 Armour: Scale mail        |    25 |       |       |       ||    25
         Ring mail         |    19 |    45 |    66 |    11 ||   141
  Dodge: Dodged            |    39 |    72 |    59 |    33 ||   203
  Block: Buckler           |    17 |    34 |    31 |    11 ||    93

Levels and vault maps discovered:
D:1:      psy_arrival_terrarium, layout_rooms, moated_statue
D:2:      layout_loops_ring, basic_altar
D:3:      layout_basic, good_gods_temple_1, mainiacjoe_overflow_catwalk
D:4:      layout_layer_cave, minmay_temple_entry_enclosed_plants, uniq_menkaure
D:5:      layout_loops_ring, mainiacjoe_overflow_boulevard,
          kennysheep_slug_shrine, lemuel_round_altar
D:6:      layout_basic, regret_index_temple_of_mockery,
          kennysheep_vampire_church, serial_shops, nicolae_shop_window_shopping
D:7:      minmay_opposing_rooms, layout_basic
D:8:      layout_layer_cave, ebering_ghost_rock_garden, minmay_microvault
Temple:   nicolae_temple_cloud_nine

Notes
Turn   | Place    | Note
-------+----------+-------------------------------------------
     0 | D:1      | MackTheKnife the Djinni Fighter began the quest for the
                  | Orb.
     0 | D:1      | Reached XP level 1. HP: 20/20 MP: 0/0
     0 | D:1      | magus.rc [v1.9.6]
    17 | D:1      | Reached skill level 2 in Short Blades
    55 | D:1      | Reached XP level 2. HP: 25/25 MP: 0/0
   212 | D:1      | Reached XP level 3. HP: 21/30 MP: 0/0
   212 | D:1      | Learned a level 1 spell: Summon Small Mammal
   272 | D:1      | Reached skill level 3 in Short Blades
   711 | D:2      | Reached XP level 4. HP: 28/35 MP: 0/0
   881 | D:2      | Found a hide-covered altar of Uskayaw.
  1161 | D:2      | Reached skill level 4 in Short Blades
  1584 | D:3      | Found a glowing silver altar of Zin.
  1585 | D:3      | Found a white marble altar of Elyvilon.
  1587 | D:3      | Found a glowing golden altar of the Shining One.
  1676 | D:3      | Found a stormy altar of Qazlal.
  1754 | D:3      | Reached XP level 5. HP: 40/40 MP: 0/0
  1754 | D:3      | Learned a level 2 spell: Lesser Beckoning
  2090 | D:4      | Noticed Menkaure
  2101 | D:4      | Killed Menkaure
  2102 | D:4      | Reached skill level 5 in Short Blades
  2102 | D:4      | Reached XP level 6. HP: 46/46 MP: 0/0
  2467 | D:4      | HP: 2/46 [gnoll/+0 halberd[a gnoll bouda] (10)]
  2693 | D:4      | Reached skill level 6 in Short Blades
  2943 | D:4      | Reached XP level 7. HP: 48/51 MP: 0/0
  2943 | D:4      | Learned a level 3 spell: Confusing Touch
  3230 | D:4      | Reached skill level 4 in Fighting
  3640 | D:4      | Found a staircase to the Ecumenical Temple.
  3646 | Temple   | Entered the Ecumenical Temple
  3707 | Temple   | Became a worshipper of Ru the Awakened
  3819 | D:5      | Entered Level 5 of the Dungeon
  3916 | D:5      | Reached skill level 5 in Fighting
  3940 | D:5      | Found a sparkling altar of Nemelex Xobeh.
  4056 | D:5      | Found a hide-covered altar of Uskayaw.
  4483 | D:5      | Found a snail-covered altar of Cheibriados.
  4568 | D:5      | Reached skill level 6 in Fighting
  4597 | D:5      | Identified a scroll of acquirement
  4604 | D:5      | Acquired a +2 quick blade of distortion
  4605 | D:5      | b - a +2 quick blade of distortion {!wshortrare=g}
  4606 | D:5      | Really wield b - a +2 quick blade of distortion
                  | {!wshortrare=g}?
  4606 | D:5      | Really wield b - a +2 quick blade of distortion
                  | {!wshortrare=g}?
  4606 | D:5      | b - a +2 quick blade of distortion (weapon) {!wshortrare=g}
  4702 | D:6      | Reached XP level 8. HP: 61/61 MP: 0/0
  4736 | D:6      | Reached skill level 1 in Spellcasting
  4773 | D:6      | Reached skill level 2 in Spellcasting
  4794 | D:6      | Your damage rating with your +2 quick blade of distortion
                  | {!wshortrare=g} is about 7 (Base 4 x 107% (Dex) x 123%
                  | (Skill) + 2 (Ench)).
  4806 | D:6      | Found Piowe's Jewellery Boutique.
  4908 | D:6      | Found a hazy altar of Hepliaklqana.
  4909 | D:6      | Found a shimmering altar of Xom.
  4910 | D:6      | Noticed a spectral ugly thing
  5449 | D:6      | Reached skill level 7 in Short Blades
  5461 | D:6      | Acquired 859 gold pieces
  5534 | D:6      | Bought a +6 ring of intelligence for 396 gold pieces
  5535 | D:6      | Gained mutation: You are missing an eye, making it more
                  | difficult to aim. [Ru sacrifice]
  5535 | D:6      | Reached * piety under Ru
  5683 | D:7      | Reached XP level 9. HP: 46/66 MP: 0/0
  5683 | D:7      | Learned a level 4 spell: Fulminant Prism
  5688 | D:7      | Reached skill level 8 in Short Blades
  5688 | D:7      | Reached skill level 3 in Spellcasting
  6120 | D:7      | Noticed a skeletal warrior
  6136 | D:7      | HP: 15/66 [skeletal warrior/+2 short sword of venom (14)]
  6138 | D:7      | Killed a skeletal warrior
  6139 | D:7      | Reached skill level 5 in Spellcasting
  6407 | D:7      | Reached skill level 6 in Spellcasting
  6540 | D:7      | Reached XP level 10. HP: 69/72 MP: 0/0
  6568 | D:7      | Noticed a two-headed ogre
  6580 | D:7      | Killed a two-headed ogre
  6581 | D:7      | Reached skill level 7 in Spellcasting
  7151 | D:8      | Reached skill level 1 in Dodging
  7179 | D:8      | Reached skill level 2 in Dodging
  7590 | D:8      | Found a runed translucent gate.
  7591 | D:8      | Found a runed translucent gate.
  7591 | D:8      | Found a runed translucent gate.
  7592 | D:8      | Noticed Rye's ghost (novice HuBe)
  7688 | D:8      | Reached skill level 3 in Dodging
  7724 | D:8      | Noticed a cyclops
  7739 | D:8      | Reached skill level 4 in Dodging
  7749 | D:8      | HP: 15/72 [yak (14)]
  7760 | D:8      | HP: 13/72 [yak (11)]
  7772 | D:8      | Reached skill level 5 in Dodging
  7773 | D:8      | HP: 26/108 [cyclops/large rock (14)]
  7780 | D:8      | Mangled by a cyclops

Vanquished Creatures
  A two-headed ogre (D:7)
  A skeletal warrior (D:7)
  A wyvern (D:7)
  3 yaks (D:8)
  A steam dragon (D:8)
  Menkaure (D:4)
  A water moccasin (D:6)
  4 black bears
  An ice beast (D:7)
  An orc warrior (D:7)
  A centaur (D:7)
  An ogre (D:7)
  A kobold brigand (D:8)
  2 bullfrogs (D:7)
  3 scorpions (D:6)
  3 killer bees (D:8)
  3 vampire bats (D:6)
  A jelly (D:7)
  5 hounds
  3 orc priests (D:4)
  A gnoll bouda (D:4)
  2 iguanas
  4 orc wizards
  2 sleepcaps (D:7)
  10 adders
  3 gnolls
  A shadow imp (D:5)
  A white imp (D:8)
  4 ufetubi
  2 worms (D:3)
  7 dart slugs
  17 orcs
  7 ball pythons
  4 bat skeletons (D:6)
  3 endoplasms
  A giant cockroach (D:2)
  4 goblins
  8 hobgoblins
  7 jackals
  6 quokkas
  3 bats
  3 frilled lizards (D:2)
  6 kobolds
  6 rats
  A fulminant prism (D:8)
151 creatures vanquished.

Vanquished Creatures (others)
  2 fulminant prisms
2 creatures vanquished.

Grand Total: 153 creatures vanquished

Table legend:
 A = Non-vault XP
 B = Vault XP
 C = Vault XP percentage of total XP
 D = Non-vault monster count
 E = Vault monster count
 F = Vault count percentage of total count
                 A         B        C        D         E       F
            +---------+---------+-------+---------+---------+-------
      Total |    3693 |    2620 |  41.5 |     136 |      19 |  12.3
            +---------+---------+-------+---------+---------+-------
        D:1 |      44 |       0 |   0.0 |      22 |       0 |   0.0
        D:2 |      61 |       0 |   0.0 |      22 |       0 |   0.0
        D:3 |      56 |       0 |   0.0 |      14 |       0 |   0.0
        D:4 |     333 |     157 |  32.0 |      21 |       1 |   4.5
        D:5 |     349 |       4 |   1.1 |      10 |       1 |   9.1
        D:6 |     780 |     175 |  18.3 |      13 |       7 |  35.0
        D:7 |     685 |    2284 |  76.9 |      15 |      10 |  40.0
        D:8 |    1385 |       0 |   0.0 |      19 |       0 |   0.0
            +---------+---------+-------+---------+---------+-------

Skill      XL: |  1  2  3  4  5  6  7  8  9 10 |
---------------+-------------------------------+-----
Short Blades   | 2 3 4 5 6 7 8 |  8.0
Fighting       | 6 |  6.0
Spellcasting   | 2 6 7 |  7.5
Dodging        | 5 |  5.1
Armour         | |  3.0
Shields        | |  3.0

Action                     |  1- 3 |  4- 6 |  7- 9 | 10-12 || total
---------------------------+-------+-------+-------+-------++-------
  Melee: Rapier            |    33 |       |       |       ||    33
         Dagger            |    82 |   209 |    87 |       ||   378
         Quick blade       |       |       |   151 |   106 ||   257
   Cast: Fulminant Prism   |       |       |       |     3 ||     3
 Invoke: Sacrifice an Eye  |       |       |     1 |       ||     1
  Evoke: Wand              |       |       |     8 |     7 ||    15
    Use: Potion            |       |     3 |       |     3 ||     6
         Scroll            |       |       |    18 |     1 ||    19
   Stab: Paralysed         |       |       |     2 |     1 ||     3
         Invisible         |       |       |     1 |     4 ||     5
 Armour: Scale mail        |    25 |       |       |       ||    25
         Ring mail         |    19 |    45 |    66 |    11 ||   141
  Dodge: Dodged            |    39 |    72 |    59 |    33 ||   203
  Block: Buckler           |    17 |    34 |    31 |    11 ||    93

Illustrated notes

Table legend:
 A = Kills in this place as a percentage of kills in the entire game.
 B = Kills by you in this place as a percentage of kills by you in the entire game.
 C = Kills by friends in this place as a percentage of kills by friends in the entire game.
 D = Other kills in this place as a percentage of other kills in the entire game.
 E = Experience gained in this place as a percentage of experience gained in the entire game.
 F = Experience gained in this place divided by the number of levels of this place that you have seen.
                   A       B       C       D       E      F
               +-------+-------+-------+-------+-------+----------------------
         Total | 100.0 | 100.0 |   N/A | 100.0 | 100.0 | 701.4
       Dungeon | 100.0 | 100.0 |   N/A | 100.0 | 100.0 | 789.1
               +-------+-------+-------+-------+-------+----------------------

Table legend: (Time is in decaauts)
 A = Elapsed time spent in this place.
 B = Non-inter-level travel time spent in this place.
 C = Inter-level travel time spent in this place.
 D = Time resting spent in this place.
 E = Time spent auto-exploring this place.
 F = Levels seen in this place.
 G = Mean time per level.
                   A        B        C        D        E       F      G
               +--------+--------+--------+--------+--------+-----+--------+
         Total |   7548 |   7239 |    309 |    928 |   5146 |   9 |  838.7 |
       Dungeon |   7480 |   7177 |    303 |    928 |   5108 |   8 |  935.0 |
        Temple |     67 |     61 |      6 |      0 |     38 |   1 |   67.0 |
               +--------+--------+--------+--------+--------+-----+--------+

Top non-repeatable levels by time:
     D:4: 1679 daAuts
     D:7: 1395 daAuts
     D:6: 934 daAuts
     D:5: 860 daAuts
     D:3: 748 daAuts
     D:2: 732 daAuts
     D:8: 587 daAuts
     D:1: 541 daAuts
  Temple: 67 daAuts
